 Dungeon Crawl Stone Soup version 0.16-a0-3553-gf2c86d1 (webtiles) character file.

247 Gronka the Skirmisher (level 5, -9/48 HPs)
             Began as a Minotaur Fighter on Jan 10, 2015.
             Was an Initiate of Yredelemnul.
             Killed by divine providence
             ... invoked by an orc priest
              (12 damage)
             ... on level 5 of the Dungeon.
             The game lasted 00:05:41 (2463 turns).

Gronka the Skirmisher (Minotaur Fighter)            Turns: 2463, Time: 00:05:43

Health: -9/48      AC:  8    Str: 23    XL:     5   Next: 85%
Magic:  2/2        EV:  8    Int:  5    God:    Yredelemnul [......]
Gold:   125        SH: 10    Dex: 11    Spells: 0 memorised, 4 levels left

rFire  . . .     SeeInvis .     a - +0 trident
rCold  . . .     Clarity  .     b - +0 scale mail
rNeg   . . .     SustAb   .     c - +0 shield
rPois  .         Gourm    .     (helmet restricted)
rElec  .         Spirit   .     (no cloak)
rCorr  .         Warding  .     (no gloves)
rMut   .         Stasis   .     u - +0 pair of boots
MR     .....                    (no amulet)
Stlth  ..........               (no ring)
                                x - +3 ring of strength

@: not resistant to hostile enchantments, extremely unstealthy
A: retaliatory headbutt, horns 2
a: Renounce Religion


You were on level 5 of the Dungeon.
You worshipped Yredelemnul.
Yredelemnul was noncommittal.
You were not hungry.

You visited 1 branch of the dungeon, and saw 4 of its levels.

You collected 125 gold pieces.

Inventory:

Hand weapons
 a - a +0 trident (weapon)
Armour
 b - a +0 scale mail (worn)
 c - a +0 shield (worn)
 u - a +0 pair of boots (worn)
Jewellery
 f - an uncursed amulet of guardian spirit {unknown}
 x - a +3 ring of strength (left hand)
 y - an uncursed ring of sustain abilities {unknown}
Magical devices
 s - a wand of polymorph (0)
Scrolls
 g - 2 scrolls of fog {unknown}
 o - 2 scrolls of teleportation {unknown}
 p - a scroll of blinking {unknown}
 r - 2 scrolls of identify {unknown}
 t - 2 scrolls of fear {unknown}
 w - a scroll of enchant armour {unknown}
 z - a scroll of remove curse {unknown}
Potions
 e - a potion of might
 i - a potion of flight {unknown}
 j - 2 potions of agility {unknown}
 k - a potion of restore abilities
 n - a potion of heal wounds {unknown}
 q - a potion of curing {unknown}
 v - 2 potions of cancellation {unknown}
Comestibles
 d - 3 bread rations
 h - a slice of pizza
 l - 4 fruits
 m - a beef jerky


   Skills:
 + Level 5.1 Fighting
 + Level 4.3 Polearms
 + Level 4.5 Armour
 + Level 2.1 Dodging
 + Level 0.1 Stealth
 + Level 4.6 Shields


You had 4 spell levels left.
You didn't know any spells.

Dungeon Overview and Level Annotations

Branches:
Dungeon (5/15)
 Temple: D:4-7

Altars:
Dithmenos
Elyvilon
Makhleb
Sif Muna
Yredelemnul


Innate Abilities, Weirdness & Mutations

You reflexively headbutt those who attack you in melee.
You have a pair of horns on your head.


Message History

You block the orc's attack. You block the bat skeleton's attack.
The orc priest hits you but does no damage.
You hit the orc priest.
The orc priest is almost dead.
The bat skeleton hits you but does no damage.
You block the bat skeleton's attack.
The orc priest invokes the aid of Beogh against you.
Something smites you! The jelly closely misses you. You furiously retaliate!
You headbutt the jelly! The orc hits you but does no damage.
The orc priest mumbles some strange prayers to Beogh against you.
Something smites you!
* * * LOW HITPOINT WARNING * * *
Drink which item? (? for menu, Esc to quit)
It was a potion of restore abilities.
You feel refreshed.
The bat skeleton hits you but does no damage.
You block the bat skeleton's attack.
The orc priest mumbles some strange prayers to Beogh against you.
Something smites you!
You die...
Your body rises from the dead as a mindless zombie.

. #.. ##..###
....oooo###
#o@.###########
#...J#Z..........#
####5.....).÷....###
####...÷........##
#.......####..##
#.....#### ##..#
#.#..###8#####.#
#...##§§_#...#.#
#..##§≈..##....#


You could see a jelly, 2 orc priests, a crimson imp, 3 orcs and a bat skeleton.

Vanquished Creatures
  Edmund (D:5)
  An iguana (D:5)
  Terence (D:2)
  5 adders
  A giant gecko (D:2)
  An ooze (D:1)
  2 orcs (D:5)
  4 goblins
  9 hobgoblins
  A ball python (D:1)
  12 bats
  A giant cockroach (D:1)
  A giant cockroach zombie (D:5)
  7 kobolds
  A quokka (D:5)
  6 rats
54 creatures vanquished.

Notes
Turn   | Place    | Note
--------------------------------------------------------------
     0 | D:1      | Gronka, the Minotaur Fighter, began the quest for the Orb.
     0 | D:1      | Reached XP level 1. HP: 19/19 MP: 1/1
   162 | D:1      | Reached skill level 4 in Armour
   176 | D:1      | Reached XP level 2. HP: 27/27 MP: 1/1
   815 | D:2      | Reached XP level 3. HP: 29/33 MP: 2/2
  1031 | D:2      | Noticed Terence
  1058 | D:2      | Killed Terence
  1558 | D:3      | Found a burning altar of Makhleb.
  1808 | D:3      | Reached XP level 4. HP: 41/41 MP: 2/2
  1861 | D:3      | Reached skill level 1 in Dodging
  1941 | D:3      | Found a white marble altar of Elyvilon.
  2113 | D:3      | You fall through a shaft for 2 floors!
  2113 | D:5      | Entered Level 5 of the Dungeon
  2113 | D:5      | Noticed Edmund
  2135 | D:5      | Killed Edmund
  2135 | D:5      | Reached skill level 5 in Fighting
  2135 | D:5      | Reached XP level 5. HP: 9/48 MP: 2/2
  2385 | D:5      | Found a basalt altar of Yredelemnul.
  2385 | D:5      | Found a deep blue altar of Sif Muna.
  2386 | D:5      | Found a shadowy altar of Dithmenos.
  2395 | D:5      | Became a worshipper of Yredelemnul the Dark
  2462 | D:5      | HP: 2/48 [orc priest/divine providence (14)]
  2463 | D:5      | Killed from afar by an orc priest

Action                   |  1- 3 |  4- 6 || total
-------------------------+-------+-------++-------
Melee: Trident           |   104 |    67 ||   171
  Use: Potion            |       |     1 ||     1
  Eat: Bread ration      |     1 |       ||     1
       Beef jerky        |       |     1 ||     1
